[Event "*** Titled Tuesday Blitz"]
[Site "Chess.com"]
[Date "2021.03.16"]
[Round "3"]
[White "ShahMatKanal"]
[Black "QuintilianoR"]
[Result "0-1"]
[WhiteElo "2479"]
[BlackElo "2734"]
[TimeControl "180+1"]
[EndTime "10:28:08 PDT"]
[Termination "QuintilianoR won by resignation"]

1. d4 Nf6 2. Nf3 e6 3. c4 b6 4. g3 Bb7 5. Bg2 Bb4+ 6. Bd2 a5 7. O-O O-O 8. Nc3 d6 9. Qc2 Nbd7 10. Bg5 Bxc3 11.
Qxc3 h6 12. Bxf6 Nxf6 13. Nd2 Bxg2 14. Kxg2 Qe7 15. e4 e5 16. d5 Nd7 17. b3 f5 18. exf5 Rxf5 19. Ne4 Nc5 20. Nxc5 bxc5 21. a3 h5 22. h4 e4 23. Rae1 Rf3 24. Re3 Rxe3 25.
Qxe3 Qe5 26. Re1 Re8 27. Qd2 Rb8 28. Qxa5 Rxb3 29. Qxc7 e3 30. Qd8+ Kh7 31. Qg5 Qxg5 32. hxg5 exf2 33. Re6 Rxg3+ 34. Kxf2 Rxa3 35. Rxd6 Rc3 36.
Rc6 Rxc4 37. d6 Rd4 38. Rxc5 Rxd6 39. Kg3 Kg6 40. Rb5 Rd4 41. Kf3 Rg4 0-1

[Event "*** Titled Tuesday Blitz"]
[Site "Chess.com"]
[Date "2021.03.16"]
[Round "3"]
[White "profofchess"]
[Black "Szparu"]
[Result "1-0"]
[WhiteElo "2446"]
[BlackElo "2638"]
[TimeControl "180+1"]
[EndTime "10:28:08 PDT"]
[Termination "profofchess won on time"]

1. e4 c5 2. Nf3 d6 3. d4 cxd4 4. Qxd4 Nf6 5. Be2 Nc6 6. Qe3 g6 7. O-O Bg7 8. Rd1 O-O 9. h3 Be6 10. c4 Nd7 11. Nc3 Nc5 12. Bd2 f5 13. exf5 gxf5 14.
Nd5 Ne4 15. Be1 Bf7 16. Nd2 Bd4 17. Qd3 e6 18. Nxe4 exd5 19. Ng3 f4 20. Nh5 Qg5 21. cxd5 Bxd5 22. Bf3 Bxf3 23. Qxf3 Kh8 24. Bc3 Bxc3 25. Qxc3+ Ne5 26. Rxd6 Rac8 27. Qd4 Rc4 28. Qd5 Qxh5 29. Re1 Re8 30. Rd8 Rc8 31. Rxc8 Nf3+ 32. Qxf3 Qxf3 33. Rexe8+ 1-0

[Event "*** Titled Tuesday Blitz"]
[Site "Chess.com"]
[Date "2021.03.16"]
[Round "3"]
[White "ARTHURMOTIVATOR"]
[Black "AlexPapasimakopoulos"]
[Result "0-1"]
[WhiteElo "2358"]
[BlackElo "2605"]
[TimeControl "180+1"]
[EndTime "10:28:08 PDT"]
[Termination "AlexPapasimakopoulos won by resignation"]

1. e4 e6 2. b3 d5 3. Bb2 Nf6 4. e5 Nfd7 5. f4 c5 6. Qg4 Nc6 7. Nf3 h5 8. Qg3 g6 9. Na3 a6 10. c3 b5 11. Bd3 Qb6 12. Ng5 Ne7 13. Nc2 Bb7 14. Ne3 c4 15. Bc2 Nf5 16. Bxf5 gxf5 17. O-O Nc5 18. Ba3 h4 19. Qh3 cxb3 20. axb3 Nxb3 21.
Bxf8 Kxf8 22. Ra2 d4 23. Nxf5 dxc3+ 24. Kh1 exf5 25. Qxf5 Qg6 26. Qd7 Bc6 27. f5 Bxg2+ 28. Kxg2 Qxg5+ 29. Kh1 Nxd2 30. Qd6+ Kg7 31. Rg1 Qxg1+ 32.
Kxg1 Rh6 33. f6+ Kh7 34. Qe7 Kg8 35. Qxf7+ Kxf7 0-1

[Event "*** Titled Tuesday Blitz"]
[Site "Chess.com"]
[Date "2021.03.16"]
[Round "3"]
[White "ChessWarrior7197"]
[Black "Abund"]
[Result "1-0"]
[WhiteElo "2917"]
[BlackElo "2697"]
[TimeControl "180+1"]
[EndTime "10:28:10 PDT"]
[Termination "ChessWarrior7197 won by resignation"]

1. e4 c5 2. Nf3 d6 3. Nc3 Nf6 4. e5 dxe5 5. Nxe5 a6 6. g3 Qd6 7. Nc4 Qc6 8. Rg1 Bg4 9. Be2 h5 10. Ne5 Qe6 11. d4 cxd4 12. Qxd4 Bxe2 13. Nxe2 Nc6 14.
Nxc6 Qxc6 15. Qc3 Qxc3+ 16. Nxc3 Rc8 17. Be3 Ng4 18. Bb6 e6 19. O-O-O Nxh2 20. Rd3 Ng4 21. Rgd1 Be7 22. Rd7 Bf6 23. Ne4 O-O 24. Bc5 Rxc5 25. Nxc5 Nxf2 26. Rf1 Ng4 27. Rxb7 Rc8 28. Ne4 Be5 29.
Rfxf7 Ne3 30. c3 Rc4 31. Ng5 Rg4 32. Nxe6 Rxg3 33. Rfe7 Nc4 34. b3 Rxc3+ 35. Kd1 Nb2+ 36. Kd2 Rd3+ 37. Kc2 Re3 38. Re8+ Kh7 39. Kd2 Rd3+ 40. Ke2 Rg3 41. Nf8+ Kg8 42. Ng6+ Kh7 43. Nxe5 Rg2+ 44. Kf3 Rc2 45. Rbb8 Rc3+ 46. Kf4 Rc8 47. Rbxc8 1-0

[Event "*** Titled Tuesday Blitz"]
[Site "Chess.com"]
[Date "2021.03.16"]
[Round "3"]
[White "MITerryble"]
[Black "mitrabhaa"]
[Result "1-0"]
[WhiteElo "2910"]
[BlackElo "2690"]
[TimeControl "180+1"]
[EndTime "10:28:11 PDT"]
[Termination "MITerryble won by resignation"]

1. d4 Nf6 2. Bg5 e6 3. e4 h6 4.
Bxf6 Qxf6 5. c3 c5 6. Nf3 d5 7.
Bb5+ Bd7 8. Bxd7+ Nxd7 9. exd5 exd5 10. O-O Be7 11. Qb3 Qc6 12. Re1 Nf6 13. Nbd2 c4 14.
Qb4 Qc7 15. Qb5+ Kf8 16. Ne5 Bd6 17. Re3 g6 18. Rae1 Kg7 19. Qa4 Rhe8 20. h3 Re6 21. b3 cxb3 22. axb3 Rae8 23. Ndf3 a6 24. c4 R8e7 25. c5 Bxe5 26. Rxe5 Ne4 27. Rxe6 Rxe6 28. Qa1 b6 29. b4 a5 30. bxa5 bxa5 31. Re3 Ra6 32. Ra3 g5 33. Qa2 Qf4 34. Re3 Nf6 35. g3 Qf5 36. Kg2 a4 37. Ra3 Qd7 38. Ne5 Qb5 39. Rf3 Qb4 40. c6 Qxd4 41. Qe2 Ra8 42. Nd7 Ne4 43. Rd3 Qc4 44. Ne5 Qc5 45. Qf3 f6 46.
Ng4 Qxc6 47. Ne3 Rd8 48. Nf5+ Kf7 49. Qh5+ Ke6 50. Nd4+ 1-0

[Event "*** Titled Tuesday Blitz"]
[Site "Chess.com"]
[Date "2021.03.16"]
[Round "3"]
[White "Piacramling"]
[Black "gxbg2000"]
[Result "0-1"]
[WhiteElo "2327"]
[BlackElo "1974"]
[TimeControl "180+1"]
[EndTime "10:28:11 PDT"]
[Termination "gxbg2000 won on time"]

1. Nf3 Nf6 2. c4 g6 3. Nc3 Bg7 4. e4 d6 5. d4 O-O 6. h3 Nbd7 7. Bg5 e5 8. d5 h6 9. Be3 b6 10. Be2 a6 11. g4 Nh7 12. h4 Nc5 13. Nd2 f5 14.
gxf5 gxf5 15. exf5 Bxf5 16. Nb3 Qf6 17. Qd2 Kh8 18.
O-O-O Nxb3+ 19. axb3 b5 20. c5 Qe7 21. Rdg1 Rg8 22.
Bg4 Raf8 23. Bxf5 Rxf5 24. Qd3 Rgf8 25. Ne4 Nf6 26. Rg6 Nxe4 27. Qxe4 R8f7 28. Rhg1 Qf8 29.
R1g2 a5 30. c6 b4 31. Kb1 R5f6 32. R6g4 Rf5 33. Kc2 a4 34. bxa4 b3+ 0-1

[Event "*** Titled Tuesday Blitz"]
[Site "Chess.com"]
[Date "2021.03.16"]
[Round "3"]
[White "vovachesss"]
[Black "GigaQuparadze"]
[Result "1-0"]
[WhiteElo "2753"]
[BlackElo "2944"]
[TimeControl "180+1"]
[EndTime "10:28:12 PDT"]
[Termination "vovachesss won by checkmate"]

1. d4 Nf6 2. Bf4 b6 3. Nf3 Bb7 4. e3 g6 5. h3 Bg7 6. c4 O-O 7. Nc3 d6 8. Be2 Nbd7 9. O-O Re8 10. Bh2 e5 11. dxe5 dxe5 12. Qc2 Qe7 13. Rfd1 a6 14.
Nd5 Nxd5 15. cxd5 Rac8 16. e4 c5 17. a4 c4 18. Nd2 b5 19. axb5 axb5 20. Nf1 Nc5 21. Ra7 Nb3 22. d6 Qd7 23. Rxb7 Qxb7 24. d7 Nd4 25. dxe8=Q+ Rxe8 26. Qd2 Qxe4 27. Bf3 Nxf3+ 28.
gxf3 Qxf3 29. Qd7 Rf8 30. Ne3 h5 31. Qxb5 Qxh3 32. Qxc4 Bh6 33. Nd5 Qe6 34. Re1 Bg7 35. b3 Rd8 36. Nc3 Qd7 37. Rd1 Qe7 38. Rxd8+ Qxd8 39. Kf1 Qd2 40. Ne4 Qd1+ 41. Kg2 Qg4+ 42. Bg3 Qd7 43. b4 Kh7 44. b5 f5 45.
Ng5+ Kh6 46. Nf7+ Kh7 47. Nxe5 Qe7 48. Nf3 g5 49. Qd5 g4 50. Qxf5+ Kg8 51. Ng5 Qb7+ 52. Qe4 Qxb5 53. Qe6+ Kh8 54. Qc8+ Bf8 55. Qxf8# 1-0

[Event "*** Titled Tuesday Blitz"]
[Site "Chess.com"]
[Date "2021.03.16"]
[Round "3"]
[White "zmeeed67"]
[Black "xberli"]
[Result "1-0"]
[WhiteElo "2420"]
[BlackElo "2602"]
[TimeControl "180+1"]
[EndTime "10:28:13 PDT"]
[Termination "zmeeed67 won by resignation"]

1. d4 Nf6 2. c4 g6 3. Nc3 d5 4.
Bf4 Bg7 5. e3 O-O 6. cxd5 Nxd5 7. Nxd5 Qxd5 8. Bxc7 Na6 9. Bxa6 Qxg2 10. Qf3 Qxf3 11.
Nxf3 bxa6 12. Rc1 Bh3 13. Rg1 Rac8 14. Kd2 f6 15. Rc5 Kf7 16. Rgc1 Bg2 17. Ne1 Bb7 18. Bg3 Rxc5 19. Rxc5 Rc8 20. Rxc8 Bxc8 21. Bb8 Ke6 22.
Bxa7 Kf5 23. f3 e5 24. e4+ Kg5 25. d5 Kh4 26. Bf2+ Kh3 27. Bg3 h5 28. Nd3 h4 29.
Nf2+ Kg2 30. Bxh4 Kxf3 31. b4 Bh6+ 32. Kd3 Bf4 33. Nd1 f5 34. exf5 gxf5 35. Bg3 Bxg3 36. hxg3 Kxg3 37. a4 Bd7 38. b5 axb5 39. a5 b4 40. d6 f4 41. a6 f3 42. a7 e4+ 43.
Ke3 Bc6 44. d7 Bxd7 45. a8=Q Bg4 46. Qb8+ 1-0

[Event "*** Titled Tuesday Blitz"]
[Site "Chess.com"]
[Date "2021.03.16"]
[Round "3"]
[White "zverr1"]
[Black "Darius321"]
[Result "1-0"]
[WhiteElo "2463"]
[BlackElo "2262"]
[TimeControl "180+1"]
[EndTime "10:28:14 PDT"]
[Termination "zverr1 won on time"]

1. e4 e5 2. f4 exf4 3. Nc3 Nf6 4. Nf3 d5 5. exd5 Nxd5 6. Bc4 Be6 7. Bxd5 Bxd5 8.
O-O Bc5+ 9. d4 Bxf3 10. Qxf3 Bxd4+ 11. Kh1 Nc6 12. Re1+ Kf8 13. Bxf4 Bxc3 14. bxc3 h5 15. Rad1 Qf6 16. Qe3 h4 17. Bxc7 h3 18. gxh3 Rh5 19.
Rf1 Rf5 20. Qe2 Re8 21. Bd6+ Qxd6 22. Rxd6 Rxe2 23. Rxf5 Rxc2 24. Rd7 f6 25. Rxb7 Rxa2 26. Rc5 Ra6 27. Kg2 Kg8 28. Kg3 Kh7 29. h4 Kh6 30. h3 Ne5 31. Rcc7 Ra3 32. Rxa7 Rb3 33. Rab7 Ra3 34.
Rc5 Ra1 35. Rb6 Rg1+ 36. Kf2 1-0

[Event "*** Titled Tuesday Blitz"]
[Site "Chess.com"]
[Date "2021.03.16"]
[Round "3"]
[White "kubal123"]
[Black "Tekushka"]
[Result "1-0"]
[WhiteElo "2269"]
[BlackElo "2417"]
[TimeControl "180+1"]
[EndTime "10:28:15 PDT"]
[Termination "kubal123 won on time"]

1. e4 e6 2. d4 d5 3. Nd2 Be7 4. Ngf3 Nf6 5. e5 Nfd7 6. c3 c5 7. Bd3 Nc6 8. O-O a5 9. Re1 cxd4 10. cxd4 Qb6 11. Nf1 Nxd4 12. Be3 Nxf3+ 13. Qxf3 Bc5 14. Bxc5 Nxc5 15. Qe3 Qc7 16. Rac1 b6 17. Qg5 O-O 18. Ng3 Qd8 19. Qe3 Nxd3 20. Qxd3 Ba6 21. Qd4 Rc8 22. Nh5 Qg5 23. Nf4 Rc5 24. h4 Qxh4 25.
g3 Qg5 26. Rxc5 bxc5 27. Qxc5 h5 28. Qxa5 Bc4 29. Qc3 Bxa2 30. b3 Rb8 31. Re3 Bxb3 32. Qb2 h4 33. Rxb3 1-0

[Event "*** Titled Tuesday Blitz"]
[Site "Chess.com"]
[Date "2021.03.16"]
[Round "3"]
[White "Trickov"]
[Black "PawnEatingZombie"]
[Result "1/2-1/2"]
[WhiteElo "2379"]
[BlackElo "2198"]
[TimeControl "180+1"]
[EndTime "10:28:15 PDT"]
[Termination "Game drawn - insufficient material"]

1. d4 d5 2. Nf3 e6 3. g3 b5 4.
Bg2 Nf6 5. O-O Bb7 6. a4 b4 7. c4 c5 8. cxd5 Bxd5 9. Bg5 Nbd7 10. Nbd2 Be7 11. dxc5 Nxc5 12. Rc1 Rc8 13. Ne5 Bxg2 14. Kxg2 O-O 15. Ndf3 h6 16. Be3 Qxd1 17. Rfxd1 Nxa4 18. Nc6 Bd8 19. Nxb4 Rxc1 20. Rxc1 Bb6 21. Bxb6 Nxb6 22.
Nc6 a6 23. Ra1 Ra8 24. Nfd4 Nfd5 25. e3 Nc4 26. b3 Nd6 27. Ra5 Kf8 28. e4 Nc3 29. e5 Ndb5 30. Nxb5 Nxb5 31. Nb4 Nd4 32. Rxa6 Rxa6 33. Nxa6 Nxb3 34. f4 f6 35. exf6 gxf6 36.
Nc7 Kf7 37. Nb5 Nc5 38. Nd4 h5 39.
Kf3 e5 40. fxe5 fxe5 41. Ne2 Kf6 42. Ke3 Kf5 43. h3 Ne6 44. Ng1 Nd4 45. Nf3 Nxf3 46.
Kxf3 e4+ 47. Ke3 Ke5 48. g4 hxg4 49. hxg4 Kd5 50. g5 Ke5 51. g6 Kf6 52. Kxe4 Kxg6 1/2-1/2

[Event "*** Titled Tuesday Blitz"]
[Site "Chess.com"]
[Date "2021.03.16"]
[Round "3"]
[White "Mikhail_Golubev"]
[Black "827883"]
[Result "0-1"]
[WhiteElo "2536"]
[BlackElo "2281"]
[TimeControl "180+1"]
[EndTime "10:28:18 PDT"]
[Termination "827883 won by resignation"]

1. e4 e5 2. Nf3 Nc6 3. Bb5 a6 4. Ba4 Nf6 5. O-O Be7 6. d3 b5 7. Bb3 O-O 8. a4 Bb7 9. axb5 axb5 10. Rxa8 Qxa8 11. Nc3 b4 12. Nd5 Nxd5 13. Bxd5 d6 14. Bg5 Qd8 15. Bxe7 Qxe7 16. Qd2 b3 17. Bxb3 h6 18.
Bd5 Nd8 19. Bxb7 Nxb7 20. b4 Ra8 21. d4 exd4 22. Qxd4 Nd8 23. Re1 Nc6 24. Qd5 Qe8 25.
c3 Ra3 26. Qc4 Ne5 27. Qxc7 Nxf3+ 28. gxf3 Qe5 29. Qc8+ Kh7 30. Re3 g6 31. Qd7 Kg7 32.
Kg2 h5 33. h4 Qf4 34. Rd3 Qxh4 35. Qxd6 Ra1 36. Qe5+ Kh7 37. Qh2 Qg5+ 38. Kh3 Rg1 39. b5 Rg4 40. Qg3 Rxg3+ 41. fxg3 Qxb5 42. Rd5 Qf1+ 0-1

[Event "*** Titled Tuesday Blitz"]
[Site "Chess.com"]
[Date "2021.03.16"]
[Round "3"]
[White "MustafayevFarid2004"]
[Black "Matols"]
[Result "1-0"]
[WhiteElo "2465"]
[BlackElo "2271"]
[TimeControl "180+1"]
[EndTime "10:28:19 PDT"]
[Termination "MustafayevFarid2004 won on time"]

1. d4 Nf6 2. c4 e6 3. Nc3 Bb4 4. e3 O-O 5. Ne2 Re8 6. a3 Bf8 7. Ng3 d5 8. Qc2 Nbd7 9. Bd3 dxc4 10. Bxc4 c5 11. dxc5 Nxc5 12. O-O b6 13. b4 Ncd7 14. Bb2 Bb7 15. Rfd1 Qe7 16. Qb3 Rac8 17. Nb5 Nd5 18. e4 Qh4 19. exd5 Rxc4 20. dxe6 Rxe6 21. Rxd7 Bxg2 22.
Kxg2 Rh6 23. Qf3 Qh3+ 24. Kg1 Qxd7 25. Nc3 Rch4 26. Rd1 Qh3 27. Qg2 Qxg2+ 28. Kxg2 Rxh2+ 29. Kg1 R2h4 30. Nce4 Rg4 31. Rd8 Re6 32. f3 Rgg6 33. Kf2 h5 34. Nxh5 Rh6 35. Nxg7 Rh2+ 36. Kg3 Rxb2 37.
Nxe6 fxe6 38. Rd7 Rb3 39. Nf6+ 1-0

[Event "*** Titled Tuesday Blitz"]
[Site "Chess.com"]
[Date "2021.03.16"]
[Round "3"]
[White "cukin84"]
[Black "Kurkusha"]
[Result "1-0"]
[WhiteElo "2115"]
[BlackElo "2353"]
[TimeControl "180+1"]
[EndTime "10:28:19 PDT"]
[Termination "cukin84 won on time"]

1. e4 e5 2. Nf3 Nc6 3. c3 Nf6 4. d4 Nxe4 5. d5 Ne7 6. Nxe5 d6 7. Qa4+ c6 8. dxc6 dxe5 9. cxb7+ Bd7 10. Qxe4 Rb8 11.
Bg5 f6 12. Be3 Bc6 13. Qg4 Rxb7 14. Bc4 f5 15. Qg5 h6 16. Qh4 Bxg2 17. Rg1 Bd5 18. Nd2 Bxc4 19. Nxc4 f4 20. Bc5 Qd5 21. Nd6+ Kd8 22.
Rd1 Qxd1+ 23. Kxd1 Rd7 24. Kc2 Kc7 25. Nb5+ Kc6 26. Bxe7 Bxe7 27. Qg4 Rhd8 28. a4 Rd2+ 29. Kb3 a6 30. Qe6+ Bd6 31. Qc4+ Kb6 32. Nxd6 R8xd6 33. a5+ Kb7 34. Ka3 Rd7 35. Re1 R2d5 36. Qb4+ Rb5 37. Qe4+ Ka7 38. b4 Rbd5 39. Qc4 g5 40. f3 h5 41. Qc6 g4 42. Re4 Rd3 43. Rc4 1-0

[Event "*** Titled Tuesday Blitz"]
[Site "Chess.com"]
[Date "2021.03.16"]
[Round "3"]
[White "oskariot"]
[Black "DamianoLew95"]
[Result "1-0"]
[WhiteElo "2712"]
[BlackElo "2475"]
[TimeControl "180+1"]
[EndTime "10:28:20 PDT"]
[Termination "oskariot won on time"]

1. e4 c5 2. Nf3 d6 3. Nc3 Nc6 4. h3 g6 5. d4 cxd4 6. Nxd4 Bg7 7. Nde2 h5 8. g3 Bd7 9. Bg2 Nf6 10. O-O Qc8 11. Nf4 g5 12. Nfd5 Bxh3 13. Bxg5 Bxg2 14. Kxg2 Nxd5 15. Nxd5 Bxb2 16. Rb1 f6 17. Be3 Ba3 18. Rh1 h4 19. Rxh4 Rxh4 20. gxh4 Ne5 21. Qh5+ Kd7 22.
Qf5+ Kd8 23. Qxc8+ Rxc8 24. Rxb7 Rxc2 25. Rxa7 Bc5 26.
Bxc5 dxc5 27. h5 Ng4 28. Kf3 Nxf2 29. h6 Nh3 30. Rxe7 Ng5+ 31. Kf4 Rf2+ 32. Kg4 Rxa2 33. Rg7 Rg2+ 34. Kf5 Rf2+ 35. Kg6 c4 36. Nxf6 Ne6 37. Rg8+ Ke7 38. Nd5+ Kd6 39. h7 Rg2+ 40. Kf7 Rf2+ 41.
Ke8 Ng7+ 42. Rxg7 Rb2 43. Rg8 1-0

[Event "*** Titled Tuesday Blitz"]
[Site "Chess.com"]
[Date "2021.03.16"]
[Round "3"]
[White "MatyChess1"]
[Black "DinaBelenkaya"]
[Result "1-0"]
[WhiteElo "2610"]
[BlackElo "2380"]
[TimeControl "180+1"]
[EndTime "10:28:20 PDT"]
[Termination "MatyChess1 won on time"]

1. e4 d5 2. exd5 Qxd5 3. Nc3 Qa5 4. d4 Nf6 5. Bd2 Qb6 6. Nf3 c6 7. Bc4 Bf5 8. Qe2 e6 9. O-O-O Nbd7 10. Nh4 Bg6 11. Nxg6 hxg6 12. Bxe6 fxe6 13. Qxe6+ Kd8 14. Rhe1 Bb4 15. Bg5 Qa5 16. d5 Bxc3 17. bxc3 Qxc3 18. dxc6 Qa1+ 19. Kd2 Qd4+ 20. Ke2 Re8 21. Bxf6+ Kc7 22. Bxd4 Rxe6+ 23. Kf1 Rxe1+ 24. Rxe1 bxc6 25. Re7 Rg8 26. h4 a5 27. a4 Rh8 28. g3 Rb8 29. Rxg7 Rb1+ 30.
Kg2 Rc1 31. Rxg6 Rxc2 32. Rg5 Rc4 33. Be3 Rxa4 34. h5 c5 35. h6 Re4 36. Bxc5 Re8 37. Be3 a4 38. Ra5 1-0

[Event "*** Titled Tuesday Blitz"]
[Site "Chess.com"]
[Date "2021.03.16"]
[Round "3"]
[White "Matthew-Fishbein"]
[Black "Djager97"]
[Result "0-1"]
[WhiteElo "2274"]
[BlackElo "2479"]
[TimeControl "180+1"]
[EndTime "10:28:21 PDT"]
[Termination "Djager97 won by checkmate"]

1. Nf3 d5 2. c4 e6 3. d4 c6 4. g3 Nf6 5. Bg2 Be7 6. O-O O-O 7. b3 b6 8. Bb2 Nbd7 9. Qc2 Bb7 10. Nbd2 Rc8 11. e4 dxe4 12. Nxe4 c5 13. Nxf6+ Nxf6 14. Rad1 Qc7 15. Rfe1 Rfd8 16. dxc5 Qxc5 17. Ng5 Bxg2 18. Bxf6 Bxf6 19. Qxh7+ Kf8 20. Rxe6 Rxd1+ 21. Kxg2 fxe6 22. Nxe6+ Ke7 23. Nxc5 Rxc5 24. Qe4+ Re5 25. Qb7+ Rd7 26. Qc6 Re6 27. Qf3 Bd4 28. Qg4 Rf6 29. Qxg7+ Kd6 30. Qg8 Rxf2+ 31. Kh3 Kc7 32. b4 Rxa2 33. c5 Rb2 34.
Qc4 bxc5 35. bxc5 Rd2 36. c6 Rh7+ 37. Kg4 Rhxh2 38. Qa6 Kd6 39. Qb7 Bb6 40. Qd7+ Kc5 41. Qe6 Rd4+ 42. Kf3 Rhd2 43. Qe5+ Kxc6 44. Qe6+ Kb5 45. Qb3+ Kc5 46. Qc3+ Kd6 47. Qa3+ Bc5 48. Qa6+ Ke5 49. Qb7 Rf2+ 50. Ke3 Rd7# 0-1

[Event "*** Titled Tuesday Blitz"]
[Site "Chess.com"]
[Date "2021.03.16"]
[Round "3"]
[White "AwareIdea"]
[Black "Andrakhanova"]
[Result "1-0"]
[WhiteElo "2428"]
[BlackElo "2251"]
[TimeControl "180+1"]
[EndTime "10:28:22 PDT"]
[Termination "AwareIdea won on time"]

1. d4 d5 2. c4 e6 3. Nf3 c6 4. g3 dxc4 5. Bg2 b5 6. O-O Bb7 7. a4 a6 8. b3 cxb3 9. Qxb3 Nd7 10. Bf4 Ngf6 11. Rc1 Nd5 12. Bd2 Be7 13. Nc3 O-O 14.
Nxd5 exd5 15. a5 c5 16. dxc5 Nxc5 17. Qa2 Ne4 18. Be3 Rc8 19. Bb6 Qd6 20. Nd4 Qf6 21.
e3 h6 22. f3 Nd6 23. Bh3 Rxc1+ 24. Rxc1 Nc4 25. Ba7 Ra8 26. Bb6 Nxb6 27. axb6 Qxb6 28. Nf5 Bf6 29. Bf1 b4 30. Qb3 a5 31. Qa4 Kh7 32. Bd3 g6 33. Qd7 gxf5 34. Qxf7+ Bg7 35. Rc7 Qxe3+ 36.
Kg2 Rg8 37. Qxf5+ 1-0

[Event "*** Titled Tuesday Blitz"]
[Site "Chess.com"]
[Date "2021.03.16"]
[Round "3"]
[White "elohunter1999"]
[Black "dretch"]
[Result "0-1"]
[WhiteElo "2623"]
[BlackElo "2851"]
[TimeControl "180+1"]
[EndTime "10:28:25 PDT"]
[Termination "dretch won by resignation"]

1. d4 d5 2. c4 c6 3. Nf3 Nf6 4. e3 Bf5 5. Nc3 e6 6. Nh4 Bg6 7. Be2 Nbd7 8. g3 Ne4 9. Nxg6 hxg6 10. Nxe4 dxe4 11. Qb3 Qc7 12. Bd2 c5 13. d5 exd5 14. cxd5 Bd6 15. Qa4 f5 16. g4 Kf7 17. O-O-O a6 18.
gxf5 gxf5 19. f3 Rae8 20. Rhf1 Rxh2 21. Rde1 Bg3 22. d6 Qxd6 23. Bc4+ Kf8 24. Rd1 b5 25.
Qa3 bxc4 26. Be1 Qe6 27. Bxg3 Rh3 28. Bf4 exf3 29. Rd6 Qf7 30. Rfd1 f2 31. Rf1 Rf3 32. Qxa6 Kg8 33. Qb7 Ne5 34. Bxe5 Qxb7 35. Bf4 Qe7 36. Rd2 Rxf4 37. exf4 Qe1+ 38. Rd1 Qe2 39. a3 Qxf1 40. Rxf1 Re1+ 41. Kd2 Rxf1 42. Ke2 Rb1 43. Kxf2 Rxb2+ 44. Ke3 Rb3+ 45. Kd2 Rxa3 46. Kc2 Rd3 47. Kb2 Kf7 48. Kc2 Ke6 49. Kb2 Kd5 50. Kc2 Ke4 0-1

[Event "*** Titled Tuesday Blitz"]
[Site "Chess.com"]
[Date "2021.03.16"]
[Round "3"]
[White "Pantata007"]
[Black "MoonlighT89"]
[Result "0-1"]
[WhiteElo "2336"]
[BlackElo "2608"]
[TimeControl "180+1"]
[EndTime "10:28:26 PDT"]
[Termination "MoonlighT89 won on time"]

1. d4 Nf6 2. c4 e6 3. Nc3 Bb4 4. e3 O-O 5. Ne2 c6 6. a3 Ba5 7.
Qc2 d5 8. Ng3 Nbd7 9. Be2 dxc4 10. Bxc4 e5 11. O-O Bc7 12. Rd1 Re8 13. Ba2 Qe7 14.
Nf5 Qf8 15. e4 exd4 16. Nxd4 Nc5 17. f3 Bb6 18. Be3 Ne6 19. Kh1 Nxd4 20. Bxd4 Bxd4 21.
Rxd4 Be6 22. Bxe6 Rxe6 23. Rad1 Qc5 24. Qb3 Qb6 25. Qxb6 axb6 26. Rd8+ Re8 27. Rxe8+ Rxe8 28. g3 g5 29. Kg2 g4 30. Rd6 Kg7 31. Kf2 h5 32.
Ke3 gxf3 33. Kxf3 b5 34. Kf4 Ng4 35. Rd7 Ne5 36. Rxb7 Nd3+ 37. Kf3 Nxb2 38. Rc7 Re6 39. Ne2 Nc4 40. Nd4 Rf6+ 41. Ke2 Nxa3 42. Rxc6 b4 43. e5 Rxc6 44. Nxc6 b3 0-1

[Event "*** Titled Tuesday Blitz"]
[Site "Chess.com"]
[Date "2021.03.16"]
[Round "3"]
[White "GM4life"]
[Black "davidkalashian"]
[Result "1-0"]
[WhiteElo "2332"]
[BlackElo "2556"]
[TimeControl "180+1"]
[EndTime "10:28:26 PDT"]
[Termination "GM4life won by checkmate"]

1. e4 c6 2. d4 g6 3. Nc3 Bg7 4. Nf3 d6 5. h3 Nf6 6. Bd3 O-O 7.
O-O Nbd7 8. Re1 e5 9. Bg5 Re8 10. Qd2 Qc7 11. Rad1 b5 12. dxe5 dxe5 13. Ne2 Nc5 14. Ng3 Be6 15. Qe3 Qb6 16. Nxe5 Nxd3 17. Nxd3 Qxe3 18. Bxe3 a5 19. a3 h5 20. Bd4 h4 21.
Nf1 Bc4 22. Nd2 Bxd3 23. cxd3 Red8 24. Nf3 b4 25. a4 Nd7 26. Bxg7 Kxg7 27. Rc1 Nb6 28.
b3 Rxd3 29. Rxc6 Nd7 30. Re3 Rxe3 31. fxe3 Nf6 32. e5 Nd5 33. Kf2 Nc3 34. Nxh4 Rd8 35.
Rc7 Rd2+ 36. Kf3 Kf8 37. e6 fxe6 38. Nxg6+ Kg8 39. Nf4 e5 40. Nh5 e4+ 41. Kg3 Rb2 42. Nf6+ Kf8 43. Kf4 Rxb3 44. Ke5 Nxa4 45. Ke6 Rc3 46.
Rf7# 1-0

[Event "*** Titled Tuesday Blitz"]
[Site "Chess.com"]
[Date "2021.03.16"]
[Round "3"]
[White "Ermito2020"]
[Black "CrazyMartian"]
[Result "1/2-1/2"]
[WhiteElo "2518"]
[BlackElo "2243"]
[TimeControl "180+1"]
[EndTime "10:28:26 PDT"]
[Termination "Game drawn - insufficient material"]

1. e4 c5 2. Nf3 d6 3. d4 cxd4 4. Nxd4 Nf6 5. Nc3 a6 6. Nb3 e5 7. Bg5 Be6 8. Nd5 Nbd7 9. Nxf6+ Nxf6 10. Qd3 h6 11. Bh4 Rc8 12. O-O-O b5 13. Kb1 Bc4 14. Qe3 Be6 15. Be2 Be7 16. Bg3 Qc7 17. c3 O-O 18. f4 Rfe8 19. Rhf1 Bc4 20. fxe5 dxe5 21. Rf5 Bf8 22.
Rdf1 Bxe2 23. Qxe2 b4 24. cxb4 Bxb4 25. Bh4 Be7 26. g4 Qc4 27. Qxc4 Rxc4 28. Rxe5 Rxe4 29.
Rxe4 Nxe4 30. Bxe7 Rxe7 31. Rc1 g6 32. Rc6 Re6 33. Rxe6 fxe6 34. Nd4 Kf7 35. Nc6 Kf6 36. Kc2 Kg5 37. b4 Kxg4 38. Nb8 Kh3 39. Nxa6 Kxh2 40.
b5 g5 41. b6 Nd6 42. Nc5 g4 43. Nxe6 g3 44. Nf4 g2 45. Nxg2 Kxg2 46. a4 Nb7 47.
Kb3 h5 48. Kb4 h4 49. a5 Nxa5 50. Kxa5 h3 51. b7 h2 52. b8=Q h1=Q 53. Qg8+ Kf1 54. Qf7+ Kg1 55. Qg6+ Qg2 56. Qb6+ Kh2 57. Qd6+ Qg3 58.
Qxg3+ Kxg3 1/2-1/2

[Event "*** Titled Tuesday Blitz"]
[Site "Chess.com"]
[Date "2021.03.16"]
[Round "3"]
[White "JordanLoyd2020"]
[Black "katchesskat"]
[Result "1-0"]
[WhiteElo "2524"]
[BlackElo "2287"]
[TimeControl "180+1"]
[EndTime "10:28:26 PDT"]
[Termination "JordanLoyd2020 won on time"]

1. d4 c5 2. d5 e5 3. Nc3 a6 4. a4 d6 5. e4 Ne7 6. Bd3 Ng6 7. Nge2 Be7 8. Be3 Bg5 9. Qd2 Bxe3 10.
Qxe3 O-O 11. O-O Nd7 12. Ng3 Nf6 13. Nce2 b6 14. c4 Rb8 15. Nf5 Bxf5 16. exf5 Ne7 17. Nc3 Qd7 18. Qf3 Rfe8 19. g4 h6 20. h4 Nh7 21.
Ne4 f6 22. Kh1 Kh8 23. Rg1 Rf8 24. Kh2 Qc7 25. Ng3 b5 26. axb5 axb5 27. cxb5 c4 28.
Rgc1 Rxb5 29. Rxc4 Qb7 30. Be4 Rxb2 31. Rac1 Rc8 32.
Rxc8+ Nxc8 33. Kg2 Ne7 34. Qc3 Nf8 35. Qc7 Rb6 36. Qd8 Kg8 37. Rc7 Qxc7 38. Qxc7 Rb3 39. Qxe7 h5 40. Nxh5 1-0

[Event "*** Titled Tuesday Blitz"]
[Site "Chess.com"]
[Date "2021.03.16"]
[Round "3"]
[White "Sokoloco"]
[Black "bricolageur"]
[Result "0-1"]
[WhiteElo "2408"]
[BlackElo "2294"]
[TimeControl "180+1"]
[EndTime "10:28:26 PDT"]
[Termination "bricolageur won on time"]

1. b3 d5 2. Bb2 Bg4 3. f3 Bh5 4.
Nh3 Qd6 5. d4 f6 6. e3 Nd7 7.
Bd3 e6 8. O-O Ne7 9. c4 c6 10.
cxd5 cxd5 11. Nc3 a6 12. e4 O-O-O 13. exd5 exd5 14. Na4 Kb8 15. Qd2 Bg6 16. Be2 Bf5 17. Nf4 h5 18. Rac1 g5 19. Nd3 g4 20. f4 h4 21. Ndc5 Nc6 22. Ba3 Nxc5 23. Nxc5 Ka7 24. Bxa6 bxa6 25. Qe2 Nb8 26. Nb7 Qxa3 27. Nxd8 Qe7 28. Qxe7+ Bxe7 29. Rc7+ Kb6 30. Rb7+ Ka5 31. Rxe7 Rxd8 32. Rb7 Nc6 33. Rc1 Nxd4 34. Rc5+ Nb5 35. a4 Kb4 36. Rc6 d4 37. Rxf6 d3 38. axb5 d2 39.
bxa6+ Ka3 40. Rd6 Rxd6 41. Kf2 d1=Q 42. Re7 Rd2+ 43. Re2 Qxe2+ 0-1

[Event "*** Titled Tuesday Blitz"]
[Site "Chess.com"]
[Date "2021.03.16"]
[Round "3"]
[White "Storne89"]
[Black "GoltsevDmitry2000"]
[Result "0-1"]
[WhiteElo "2626"]
[BlackElo "2831"]
[TimeControl "180+1"]
[EndTime "10:28:33 PDT"]
[Termination "GoltsevDmitry2000 won by resignation"]

1. e4 c5 2. Nf3 e6 3. c4 Nc6 4.
Nc3 Nd4 5. Be2 d6 6. Nxd4 cxd4 7. Nb5 e5 8. d3 a6 9. Na3 Nf6 10. O-O Be7 11. f4 O-O 12. Nc2 Bd7 13. a4 b5 14. b3 bxa4 15. b4 Rb8 16. fxe5 dxe5 17. Bd2 Bc6 18. Qe1 Nxe4 19. dxe4 d3 20. Bf3 dxc2 21.
Bc3 Qd3 22. c5 Bg5 23. Bxe5 c1=Q 24. Rxc1 Bxc1 25. Qxc1 Rxb4 26. Qa1 f6 27. Bd6 Rd8 28. Qa2+ Qc4 29. Qa3 Bxe4 30. Bxe4 Qxe4 31. h3 h6 32. Kh1 Qd4 33. Qf3 Rxd6 34. cxd6 Qxd6 35. Re1 Rb8 36.
Ra1 Qd4 37. Qa3 Kh7 38. Rc1 Qb2 39. Qe3 Kh8 40. Rd1 a3 41. Qf4 a2 0-1